 Dungeon Crawl Stone Soup version 0.21.1-1-g345015fe64 (webtiles) character file.

1719 Naru the Basher (level 9, -1/79 HPs)
             Began as a Hill Orc Fighter on June 22, 2018.
             Was a Follower of Beogh.
             Slain by spacerossing's ghost (12 damage)
             ... on level 6 of the Dungeon.
             The game lasted 00:10:49 (6040 turns).

Naru the Basher (Hill Orc Fighter)                  Turns: 6040, Time: 00:10:50

Health: -1/79      AC: 17    Str: 24    XL:     9   Next: 4%
Magic:  9/9        EV:  5    Int: 12    God:    Beogh [*.....]
Gold:   199        SH: 10    Dex: 13    Spells: 8/8 levels left

rFire    . . .     SeeInvis +   v - +3 flail
rCold    . . .     Gourm    .   c - +0 shield
rNeg     . . .     Faith    .   j - +0 plate armour
rPois    .         Spirit   .   (no helmet)
rElec    .         Reflect  .   g - +2 cloak
rCorr    .         Harm     .   w - +0 pair of gloves
MR       .....                  (no boots)
Stlth    ..........             o - amulet of magic regeneration
HPRegen  0.23/turn              h - +4 ring of intelligence
MPRegen  0.36/turn              a - ring of see invisible

@: mighty
A: no striking features
a: Renounce Religion


You were on level 6 of the Dungeon.
You worshipped Beogh.
Beogh was aware of your devotion.
You were not hungry.

You visited 1 branch of the dungeon, and saw 6 of its levels.

You collected 199 gold pieces.

Inventory:

Hand Weapons
 v - a +3 flail (weapon)
Missiles
 b - 6 tomahawks (quivered)
Armour
 c - a +0 shield (worn)
 g - a +2 cloak (worn)
 j - a +0 plate armour (worn)
 w - a +0 pair of gloves (worn)
Jewellery
 a - a ring of see invisible (right hand)
 h - a +4 ring of intelligence (left hand)
 o - an amulet of magic regeneration (around neck)
 s - the ring "Ubeyru" {rC+ rN++ Int+6 Slay-2}
   (You found it on level 5 of the Dungeon)

   [ring of intelligence]

   It affects your intelligence (+6).
   It affects your accuracy and damage with ranged weapons and melee attacks
   (-2).
   It protects you from cold.
   It greatly protects you from negative energy.
Scrolls
 k - 3 scrolls of fear
 r - 5 scrolls of identify
 t - a scroll of remove curse
Potions
 d - 2 potions of might
 e - 4 potions of flight
 i - 2 potions of cancellation
 l - a potion of mutation
 m - 2 potions of degeneration
 n - 5 potions of curing
 p - a potion of ambrosia
 q - a potion of invisibility
 u - a potion of haste {unknown}
Comestibles
 f - 8 rations
 x - 4 chunks of flesh


   Skills:
 * Level 7.0 Fighting
   Level 3.5 Short Blades
 * Level 8.1 Maces & Flails
 + Level 5.7 Armour
 + Level 5.7 Shields


You had 8 spell levels left.
You didn't know any spells.

Dungeon Overview and Level Annotations

Branches:
Dungeon (6/15)             Temple (0/1) D:5

Altars:
Gozag
Makhleb
Sif Muna
Uskayaw
Zin

Annotations:
D:6 spacerossing's ghost, novice FoFi


Message History

You are electrocuted!
You hit spacerossing's ghost.
Spacerossing's ghost is lightly damaged.
Spacerossing's ghost barely misses you.
You sock spacerossing's ghost!
Spacerossing's ghost is moderately damaged.
Spacerossing's ghost hits you but does no damage.
You closely miss spacerossing's ghost.
Spacerossing's ghost is moderately damaged.
Spacerossing's ghost hits you!
You are electrocuted!
* * * LOW HITPOINT WARNING * * *
You closely miss spacerossing's ghost.
Spacerossing's ghost is moderately damaged.
Spacerossing's ghost hits you!
* * * LOW HITPOINT WARNING * * *
You closely miss spacerossing's ghost.
Spacerossing's ghost is moderately damaged.
Spacerossing's ghost hits you but does no damage.
You are electrocuted!
You die...

#.# #.# #.#
#.#### #.#
###.#... ...
##...##.# #.#
#....##.###.#
#....##..##.#
#........##.####
#@W..###..)....#
#....#
#.###.#....
#....#
#.....#####
###### ####..#
#[.. ###. .. F#


You could see spacerossing's ghost.

Vanquished Creatures
  The ghost of Trampli the Chopper, a novice HOFi (D:4)
  Menkaure (D:5)
  5 ogres
  A centaur (D:5)
  2 bullfrogs
  A jelly (D:5)
  A crimson imp (D:3)
  2 hounds
  An orc priest (D:5)
  4 orc wizards (D:5)
  An iguana (D:4)
  Terence (D:3)
  4 worker ants
  A hound skeleton (D:5)
  A howler monkey skeleton (D:5)
  A gnoll (D:6)
  9 adders
  An ooze (D:1)
  An adder skeleton (D:4)
  An adder zombie (D:5)
  4 worms
  2 dart slugs
  4 leopard geckos
  12 orcs
  13 giant cockroaches
  7 goblins
  8 hobgoblins
  11 kobolds
  A quokka (D:2)
  2 ball pythons
  6 bats
  5 frilled lizards
  2 leopard gecko zombies (D:5)
  7 rats
124 creatures vanquished.

Notes
Turn   | Place    | Note
-------+----------+-------------------------------------------
     0 | D:1      | Naru the Hill Orc Fighter began the quest for the Orb.
     0 | D:1      | Reached XP level 1. HP: 19/19 MP: 1/1
   205 | D:1      | Reached XP level 2. HP: 26/27 MP: 2/2
   514 | D:1      | Reached XP level 3. HP: 15/33 MP: 3/3
  1252 | D:2      | Found a hide-covered altar of Uskayaw.
  1266 | D:2      | Reached XP level 4. HP: 41/41 MP: 4/4
  1537 | D:2      | Found an opulent altar of Gozag.
  1670 | D:3      | Noticed Terence
  1928 | D:3      | Noticed a bullfrog
  1940 | D:3      | Killed a bullfrog
  1940 | D:3      | Reached skill level 1 in Maces & Flails
  1940 | D:3      | Reached XP level 5. HP: 41/47 MP: 5/5
  2117 | D:3      | Killed Terence
  2117 | D:3      | Reached skill level 5 in Fighting
  2117 | D:3      | Reached XP level 6. HP: 55/56 MP: 6/6
  2286 | D:3      | Reached skill level 2 in Maces & Flails
  2322 | D:3      | Found a deep blue altar of Sif Muna.
  2424 | D:3      | Found a burning altar of Makhleb.
  2506 | D:4      | Reached skill level 3 in Maces & Flails
  2710 | D:4      | Reached XP level 7. HP: 56/61 MP: 7/7
  2896 | D:4      | Noticed Trampli's ghost (novice HOFi)
  2914 | D:4      | Killed Trampli's ghost
  2914 | D:4      | Reached skill level 5 in Maces & Flails
  3072 | D:4      | Became a worshipper of Beogh the Brigand
  3311 | D:4      | Reached skill level 5 in Shields
  3311 | D:4      | Reached XP level 8. HP: 47/70 MP: 8/8
  3599 | D:4      | Found a glowing silver altar of Zin.
  3721 | D:5      | Entered Level 5 of the Dungeon
  3755 | D:5      | Reached skill level 6 in Maces & Flails
  3884 | D:5      | Noticed Menkaure
  4061 | D:5      | Killed Menkaure
  4061 | D:5      | Reached skill level 5 in Armour
  4102 | D:5      | Got a flickering copper ring
  4365 | D:5      | Identified the ring "Ubeyru" {rC+ rN++ Int+6 Slay-2} (You found it on level 5 of the Dungeon)
  4474 | D:5      | Reached skill level 7 in Maces & Flails
  5231 | D:5      | Found a staircase to the Ecumenical Temple.
  5397 | D:6      | Noticed spacerossing's ghost (novice FoFi)
  5871 | D:6      | Reached * piety under Beogh
  5871 | D:6      | Reached skill level 8 in Maces & Flails
  5871 | D:6      | Reached XP level 9. HP: 36/79 MP: 9/9
  6040 | D:6      | Slain by spacerossing's ghost

Skill      XL: |  1  2  3  4  5  6  7  8 |
---------------+-------------------------+-----
Fighting       | 4 5 6 7 |  7.0
Short Blades   | 3 |  3.5
Maces & Flails | 1 3 5 8 |  8.1
Shields        | 4 5 |  5.7
Armour         | 4 5 |  5.7

Action                   |  1- 3 |  4- 6 |  7- 9 || total
-------------------------+-------+-------+-------++-------
Melee: Rapier            |   107 |    91 |       ||   198
       Flail             |       |   104 |   197 ||   301
Throw: Tomahawk          |       |       |     5 ||     5
Invok: Convert to Beogh  |       |       |     1 ||     1
  Use: Scroll            |       |    11 |     5 ||    16
       Potion            |       |       |     2 ||     2
  Eat: Chunk             |     1 |     5 |     2 ||     8
       Ration            |       |       |     3 ||     3
Armor: Scale mail        |    40 |       |       ||    40
       Plate armour      |    22 |    12 |    93 ||   127
       Chain mail        |       |   163 |     8 ||   171
Dodge: Dodged            |    25 |    59 |    30 ||   114
Block: Shield            |    45 |   141 |    95 ||   281
